 Dungeon Crawl Stone Soup version 0.29.1-2-gbd0b4ee654 (webtiles) character file.

Game seed: 10296882394144278452

1631 Icepheonix32 the Changer (level 8, -7/57 HPs)
             Began as an Octopode Transmuter on Nov 18, 2022.
             Mangled by a hornet (13 damage)
             ... on level 7 of the Dungeon.
             The game lasted 00:13:44 (6924 turns).

Icepheonix32 the Changer (Octopode Transmuter)      Turns: 6924, Time: 00:13:45

Health: -7/57      AC:  6    Str:  9    XL:     8   Next: 98%
Magic:  12/30      EV: 12    Int: 15    God:
Gold:   362        SH:  0    Dex: 21    Spells: 3/13 levels left

rFire   x . .      SeeInvis .     - Unarmed
rCold   + + +      Faith    .   (shield currently unavailable)
rNeg    . . .      Spirit   .   (helmet currently unavailable)
rPois   +          Reflect  .   (no amulet)
rElec   .          Harm     .   e - ring of willpower
rCorr   .          Rampage  .   p - +6 ring of dexterity
Will    ++...                   j - ring of magical power
Stlth   +.........              g - ring of magical power
HPRegen 0.19/turn               (no ring)
MPRegen 0.22/turn               (no ring)
                                (no ring)
                                (no ring)

@: ice-form, contaminated, glowing
A: freezing attack, boosted hp, almost no armour, amphibious, 8 rings, large,
(camouflage 1), (gelatinous body 1), (nimble swimmer 1), (tentacles),
(iridescent scales 1), strong-willed 1
a: End Transformation


You were on level 7 of the Dungeon.
You were a creature of crystalline ice.
You visited 1 branch of the dungeon, and saw 7 of its levels.

You collected 362 gold pieces.

Inventory:

Hand Weapons
 u - a +0 club
Missiles
 k - 9 poisoned darts
 r - 3 throwing nets
Magical Staves
 m - a staff of air
Jewellery
 e - a ring of willpower (left front paw)
 g - a ring of magical power (on tentacle)
 j - a ring of magical power (on tentacle)
 p - a +6 ring of dexterity (right front paw)
Scrolls
 a - 2 scrolls of identify
 b - a scroll of poison
 d - a scroll of summoning {unknown}
 h - 2 scrolls of enchant armour {unknown}
 i - a scroll of silence
 o - 4 scrolls of teleportation
 t - a scroll of magic mapping {unknown}
 v - a scroll of vulnerability {unknown}
Potions
 c - a potion of mutation
 f - 4 potions of cancellation
 l - 2 potions of heal wounds
 n - a potion of curing
 q - a potion of brilliance
 s - a potion of attraction


   Skills:
 + Level 1.5 Fighting
 + Level 1.4 Throwing
 * Level 4.7 Dodging
 + Level 2.1 Stealth
 + Level 5.2 Unarmed Combat
 + Level 3.2 Spellcasting
 * Level 7.5 Transmutations
 + Level 1.9 Poison Magic
 + Level 3.2 Evocations


You had 3 spell levels left.
You knew the following spells:

 Your Spells              Type           Power      Damage    Failure   Level
a - Beastly Appendage     Tmut           50%        N/A       1%          1
b - Spider Form           Tmut/Pois      16%        N/A       9%          3
c - Wereblood             Tmut           25%        N/A       1%          2
d - Ice Form              Ice/Tmut       13%        N/A       38%         4

Your spell library contained the following spells:

 Spells                   Type           Power      Damage    Failure   Level
 Apportation              Tloc           4%         N/A       21%         1
 Ozocubu's Armour         Ice            2%         N/A       52%         3
 Portal Projectile        Hex/Tloc       4%         N/A       52%         3
 Yara's Violent Unravell  Hex/Tmut       6%         3d5       75%         5
 Metabolic Englaciation   Hex/Ice        1%         N/A       99%         5
 Simulacrum               Ice/Necr       1%         N/A       100%        6


Dungeon Overview and Level Annotations

Branches:
Dungeon (7/15)
 Temple: D:4-7

Altars:
Cheibriados
Elyvilon
Okawaru
Ru
Trog
Xom
Zin
The Shining One

Annotations:
D:3 3 runed translucent doors, qeuew's ghost, weakling HOFi


Innate Abilities, Weirdness & Mutations

You are a creature of crystalline ice.
You have a powerful freezing melee attack.
Your maximum health is increased.
Your armour is entirely melded.
You are incapable of wielding weapons or throwing items.
You cannot wear most types of armour.
You are amphibious.
You can wear up to eight rings at the same time.
((Your skin changes colour to match your surroundings (Stealth+).))
((Your rubbery body absorbs attacks. (AC +1, EV +1)))
((You are camouflaged when in or above water. (Stealth+)))
((You have tentacles for arms and can constrict up to eight enemies at once.))
((You are partially covered in iridescent scales. (AC +2)))
You are strong-willed. (Will+)


Message History

Casting: Ice Form (quite dangerous; 38% risk of failure)
Confirm with . or Enter, or press ? or * to list all spells.
The spell is quite dangerous to miscast (38% risk of failure)!
Continue anyway?
You miscast Ice Form.
Nothing appears to happen.
You feel sick. The hornet misses you.
Unknown command.
Casting: Ice Form (quite dangerous; 38% risk of failure)
Confirm with . or Enter, or press ? or * to list all spells.
The spell is quite dangerous to miscast (38% risk of failure)!
Continue anyway?
You miscast Ice Form.
You are contaminated with residual magic.
Your tentacles feel numb with cold!
You feel sick. The hornet barely misses you. x2
Unknown command.
Casting: Ice Form (quite dangerous; 38% risk of failure)
Confirm with . or Enter, or press ? or * to list all spells.
The spell is quite dangerous to miscast (38% risk of failure)!
Continue anyway?
You turn into a creature of crystalline ice.
You feel sick. The hornet stings you.
You are more poisoned.
You feel yourself slow down.
Unknown command.
You closely miss the hornet.
You feel yourself speed up.
You feel very sick. The hornet stings you!
* * * LOW HITPOINT WARNING * * *
The hornet closely misses you.
You barely miss the hornet.
* * * LOW HITPOINT WARNING * * *
You feel sick. The hornet stings you.
* * * LOW HITPOINT WARNING * * *
You are more poisoned.
The hornet stings you.
* * * LOW HITPOINT WARNING * * *
You feel yourself slow down.
You feel better.
You feel yourself speed up. The hornet stings you!
You die...

## #. .# ####.
.### #.... ...
#.##.###.#
#.##..yY.#
#.###...## #.#
#...#
########.###...#
.......<..####.#
########..# #.#
#..# #.#
#####..# #.#
#......# #.#


You could see a hornet.

Vanquished Creatures
  Pikel (D:5)
  Grinder (D:5)
  Eustachio (D:5)
  Menkaure (D:5)
  A black bear (D:5)
  An ogre (D:5)
  3 lemures (D:5)
  2 scorpions
  A gnoll bouda (D:5)
  2 hounds
  An orc priest (D:5)
  2 jellies
  2 iguanas
  7 gnolls
  4 adders
  A white imp (D:6)
  An ufetubus (D:5)
  2 worms
  3 dart slugs
  16 orcs
  3 endoplasms
  A giant cockroach (D:1)
  3 goblins (D:1)
  5 hobgoblins
  9 jackals
  9 quokkas
  7 ball pythons
  3 frilled lizards (D:1)
  5 kobolds
  4 rats
102 creatures vanquished.

Notes
Turn   | Place    | Note
-------+----------+-------------------------------------------
     0 | D:1      | Icepheonix32 the Octopode Transmuter began the quest for
                  | the Orb.
     0 | D:1      | Reached XP level 1. HP: 13/13 MP: 3/3
   286 | D:1      | Reached XP level 2. HP: 18/18 MP: 3/5
   339 | D:1      | Got Muix Imira's Codex of Translocation and Sculpting
   688 | D:1      | Reached skill level 3 in Transmutations
   873 | D:1      | Reached XP level 3. HP: 23/23 MP: 4/6
  2025 | D:3      | Learned a level 3 spell: Spider Form
  2028 | D:3      | Learned a level 2 spell: Wereblood
  2084 | D:3      | Reached skill level 4 in Transmutations
  2087 | D:3      | Reached XP level 4. HP: 18/28 MP: 7/7
  2178 | D:3      | Found a runed translucent gate.
  2178 | D:3      | Found a runed translucent gate.
  2179 | D:3      | Found a runed translucent gate.
  2180 | D:3      | Noticed qeuew's ghost (weakling HOFi)
  2180 | D:3      | Noticed a scorpion
  2433 | D:3      | Found a faded altar of an unknown god.
  2592 | D:3      | Found a glowing golden altar of the Shining One.
  2592 | D:3      | Found a glowing silver altar of Zin.
  2592 | D:3      | Found a white marble altar of Elyvilon.
  3326 | D:3      | Gained mutation: You are strong-willed. (Will+) [potion of
                  | mutation]
  3326 | D:3      | Gained mutation: You are partially covered in iridescent
                  | scales. (AC +2) [potion of mutation]
  3387 | D:4      | Reached skill level 5 in Transmutations
  3431 | D:4      | Reached XP level 5. HP: 30/33 MP: 8/8
  4049 | D:4      | Found an iron altar of Okawaru.
  4189 | D:4      | Found a bloodstained altar of Trog.
  4299 | D:4      | Noticed an ogre
  4336 | D:5      | Entered Level 5 of the Dungeon
  4380 | D:5      | Noticed Eustachio
  4397 | D:5      | Killed Eustachio
  4398 | D:5      | Reached skill level 1 in Stealth
  4398 | D:5      | Reached skill level 6 in Transmutations
  4398 | D:5      | Reached XP level 6. HP: 22/38 MP: 9/9
  4415 | D:5      | Noticed Grinder
  4422 | D:5      | Killed Grinder
  4423 | D:5      | Reached XP level 7. HP: 19/43 MP: 10/10
  4916 | D:5      | Noticed Pikel
  4942 | D:5      | Noticed Menkaure
  4955 | D:5      | Killed Menkaure
  4956 | D:5      | Reached skill level 1 in Evocations
  5023 | D:5      | Killed Pikel
  5024 | D:5      | Reached skill level 1 in Throwing
  5024 | D:5      | Reached skill level 7 in Transmutations
  5024 | D:5      | Reached skill level 1 in Poison Magic
  5024 | D:5      | Reached XP level 8. HP: 14/48 MP: 12/12
  5286 | D:5      | Found a snail-covered altar of Cheibriados.
  5611 | D:5      | Reached skill level 5 in Unarmed Combat
  5871 | D:5      | Found a shimmering altar of Xom.
  6381 | D:6      | Learned a level 4 spell: Ice Form
  6627 | D:6      | Found a sacrificial altar of Ru.
  6916 | D:7      | Noticed a hornet
  6918 | D:7      | Paralysed by a hornet for 1 turns
  6923 | D:7      | HP: 1/57 [hornet (3)]
  6924 | D:7      | Mangled by a hornet

Illustrated notes

Levels and vault maps discovered:
D:1:      minmay_arrival_checkered_box, layout_loops_corners,
          minmay_misc_feat_chi, chequers_big_river
D:2:      layout_rooms
D:3:      layout_basic, dreamdust_divine_triumvirate, gammafunk_ghost_split,
          ebering_ecumenical_altar_webs, chequers_serial_rivers_large_b
D:4:      layout_basic, nicolae_wu_jian_glorious_leap, okawaru_metal_pillars_3,
          trog_antimagical
D:5:      wander_river, layout_loops_ring, mainiacjoe_overflow_alcove_4,
          mainiacjoe_overflow_small_starburst, minmay_misc_feat_square,
          uniq_eustachio, uniq_pikel, uniq_grinder, uniq_menkaure
D:6:      layout_basic, mainiacjoe_overflow_alcove_1, minivault_1,
          nicolae_concentric_dashed_squares_mild, chequers_garden
D:7:      layout_loops_ring, minmay_temple_entry_fiery, uniq_prince_ribbit1,
          uniq_joseph

Skill      XL: |  1  2  3  4  5  6  7  8 |
---------------+-------------------------+-----
Transmutations | 3 4 5 6 7 |  7.5
Stealth        | 1 2 |  2.1
Dodging        | 3 4 |  4.7
Evocations     | 2 3 |  3.2
Throwing       | 1 |  1.4
Unarmed Combat | 4 5 |  5.2
Spellcasting   | 3 |  3.2
Poison Magic   | 1 |  1.9
Fighting       | |  1.5

Action                   |  1- 3 |  4- 6 |  7- 9 || total
-------------------------+-------+-------+-------++-------
Melee: Unarmed           |    64 |    88 |    98 ||   250
       Constrict         |    18 |    21 |    14 ||    53
       Tentacles         |    11 |    12 |    13 ||    36
       Punch             |     3 |       |     5 ||     8
       Kick              |    13 |    23 |    26 ||    62
Throw: Dart              |       |     2 |     7 ||     9
 Cast: Beastly Appendage |    20 |    16 |     8 ||    44
       Spider Form       |     1 |     1 |     6 ||     8
       Wereblood         |     1 |     1 |     3 ||     5
       Ice Form          |       |       |     1 ||     1
Evoke: Wand              |       |     7 |    14 ||    21
  Use: Scroll            |       |     7 |     1 ||     8
       Potion            |       |     7 |     4 ||    11
 Stab: Sleeping          |     5 |     5 |     1 ||    11
Armor: Skin              |     4 |    65 |     4 ||    73
Dodge: Dodged            |    28 |    74 |    64 ||   166
